 Dungeon Crawl Stone Soup version 0.18-a0-1088-g34ef3a2 (webtiles) character file.

89 gorblad the Skirmisher (level 4, -3/41 HPs)
             Began as a Minotaur Berserker on Jan 16, 2016.
             Was a Believer of Trog.
             Slain by a gnoll
             ... wielding a +0 flail
              (9 damage)
             ... on level 3 of the Dungeon.
             The game lasted 00:02:12 (1599 turns).

gorblad the Skirmisher (Minotaur Berserker)         Turns: 1599, Time: 00:02:13

Health: -3/41      AC:  4    Str: 23    XL:     4   Next: 31%
Magic:  3/3        EV: 12    Int:  4    God:    Trog [**....]
Gold:   112        SH:  0    Dex:  9    Spells: 0 memorised, 3 levels left

rFire  . . .     SeeInvis .     a - +0 hand axe
rCold  . . .     Gourm    .     b - +0 animal skin
rNeg   . . .     Faith    .     (no shield)
rPois  .         Spirit   .     (helmet restricted)
rElec  .         Dismiss  .     (no cloak)
rCorr  .         Reflect  .     (no gloves)
SustAt .         Harm     .     (no boots)
MR     .....                    (no amulet)
Stlth  +.........               (no ring)
                                d - +2 ring of protection

@: exhausted, slowed, very slow, not resistant to hostile enchantments, very
unstealthy
A: retaliatory headbutt, horns 2
a: Berserk, Trog's Hand, Burn Spellbooks, Renounce Religion


You were on level 3 of the Dungeon.
You worshipped Trog.
Trog was pleased with you.
You were very hungry.

You visited 1 branch of the dungeon, and saw 3 of its levels.

You collected 112 gold pieces.

Inventory:

Hand Weapons
 a - a +0 hand axe (weapon)
Armour
 b - a +0 animal skin (worn)
Jewellery
 d - a +2 ring of protection (left hand)
Scrolls
 j - 2 scrolls of teleportation
 k - 3 scrolls of remove curse {unknown}
Potions
 e - a potion of resistance {unknown}
 f - a potion of brilliance {unknown}
 g - 3 potions of heal wounds
 m - a potion of beneficial mutation {unknown}
Comestibles
 c - 3 bread rations
 h - a meat ration
 i - 3 chunks of flesh
 l - a royal jelly


   Skills:
 + Level 4.5 Fighting
 + Level 4.0 Axes
 + Level 3.4 Armour
 + Level 3.4 Dodging


You had 3 spell levels left.
You didn't know any spells.

Dungeon Overview and Level Annotations

Branches:
Dungeon (3/15)

Altars:
Xom


Innate Abilities, Weirdness & Mutations

You reflexively headbutt those who attack you in melee.
You have a pair of horns on your head.


Message History

You kill the gnoll!
Trog accepts your kill.
Your Axes skill increases to level 4!
The gnoll hits you but does no damage. The gnoll hits you with a flail.
* * * LOW HITPOINT WARNING * * *
You see here a spear.
You are too injured to fight recklessly!
You are too injured to fight recklessly!
You are too injured to fight recklessly!
You are too injured to fight recklessly!
You completely miss the gnoll. The gnoll hits you with a flail.
* * * LOW HITPOINT WARNING * * *
You barely miss the gnoll. You headbutt the gnoll!
The gnoll is heavily wounded.
The gnoll hits you with a flail.
* * * LOW HITPOINT WARNING * * *
You hit the gnoll.
The gnoll is severely wounded.
The gnoll hits you with a flail!
You die...

#.#..# #.#..#
#.#..# #.#..#
#.#..# #..# #..#
###### #..#
#.)..#
#####..####)#@##
.............#g#
##############.#
... ###


You could see a gnoll.

Vanquished Creatures
  3 gnolls (D:3)
  3 adders
  An ooze (D:2)
  A worm (D:2)
  A giant gecko (D:1)
  2 bats
  A giant cockroach (D:2)
  2 hobgoblins (D:2)
  5 jackals
  2 giant newts (D:2)
  3 goblins (D:2)
  A kobold (D:1)
  4 rats
29 creatures vanquished.

Notes
Turn   | Place    | Note
--------------------------------------------------------------
     0 | D:1      | gorblad the Minotaur Berserker began the quest for the Orb.
     0 | D:1      | Reached XP level 1. HP: 19/19 MP: 0/0
   518 | D:1      | Found a shimmering altar of Xom.
   804 | D:1      | Reached XP level 2. HP: 27/27 MP: 1/1
  1119 | D:2      | Reached skill level 4 in Fighting
  1119 | D:2      | Reached XP level 3. HP: 20/33 MP: 2/2
  1216 | D:2      | Found a faded altar to an unknown god.
  1587 | D:3      | Reached ** piety under Trog
  1587 | D:3      | Reached XP level 4. HP: 41/41 MP: 3/3
  1599 | D:3      | Slain by a gnoll

Vault maps used:
D:1:      evilmike_arrival_fibonacci_small, hangedman_decor_points,
          xom_teletrap_fun
D:2:      ecumenical_altar_2, minmay_quantized
D:3:      tso_oasis_becter

Action                   |  1- 3 |  4- 6 || total
-------------------------+-------+-------++-------
Melee: Hand axe          |    54 |     6 ||    60
Invok: Berserk           |     1 |       ||     1
  Use: Scroll            |     5 |       ||     5
       Potion            |     1 |       ||     1
  Eat: Chunk             |     2 |       ||     2
